TOP OF THE 1ST |
Springfield Shooters batting - Pitching for Long Island Seawolves : RHP WyDale Curry
|
Pitching: RHP WyDale Curry
|
|
Batting: RHB Chet Hollis
|
0-0: Called Strike 0-1: Foul Ball, location: 2F 0-2: Foul Ball, location: 2F 0-2: Fly out, F9 (Flyball, 89D)
|
Batting: LHB Armando Rodríguez
|
0-0: Ball 1-0: Swinging Strike 1-1: Ball 2-1: Fly out, F1 (Line Drive, 15)
|
Batting: SHB Willie McGirt
|
0-0: Called Strike 0-1: Called Strike 0-2: Strikes out swinging
|
Top of the 1st over - 0 runs, 0 hits, 0 errors, 0 left on base; Springfield 0 - Long Island 0 |
BOTTOM OF THE 1ST |
Long Island Seawolves batting - Pitching for Springfield Shooters : RHP Keith Rojas
|
Pitching: RHP Keith Rojas
|
|
Batting: SHB Josh Sanders
|
0-0: SINGLE (Groundball, 34D)
|
Batting: LHB Roberto Valle
|
0-0: Ball 1-0: Ball 2-0: Fielders Choice at 2nd, 4-6 (Groundball, 34)
|
Batting: RHB Alfredo Escalante
|
0-0: Called Strike Roberto Valle is caught stealing 2nd base 0-1: Ball 1-1: Ball 2-1: Fly out, F9 (Flyball, 89M)
|
Bottom of the 1st over - 0 runs, 1 hit, 0 errors, 0 left on base; Springfield 0 - Long Island 0 |
TOP OF THE 2ND |
Springfield Shooters batting - Pitching for Long Island Seawolves : RHP WyDale Curry
|
Batting: SHB Billy Dotson
|
0-0: Ball 1-0: Swinging Strike 1-1: Fly out, F7 (Flyball, 7S)
|
Batting: LHB Calvin Wilms
|
0-0: Ball 1-0: Fly out, F8 (Flyball, 8RS)
|
Batting: RHB Sébastien Bernard
|
0-0: Called Strike 0-1: Fly out, F7 (Flyball, 7S)
|
Top of the 2nd over - 0 runs, 0 hits, 0 errors, 0 left on base; Springfield 0 - Long Island 0 |
BOTTOM OF THE 2ND |
Long Island Seawolves batting - Pitching for Springfield Shooters : RHP Keith Rojas
|
Batting: LHB Pedro Colón
|
0-0: Called Strike 0-1: Called Strike 0-2: Ball 1-2: Ball 2-2: Strikes out swinging
|
Batting: SHB Alfredo Sánchez
|
0-0: Called Strike 0-1: Fly out, F6 (Popup, 6D)
|
Batting: RHB Sheldon Deshotels
|
0-0: Ball 1-0: Called Strike 1-1: Foul Ball, location: 2F 1-2: Ball 2-2: Ball 3-2: Strikes out looking
|
Bottom of the 2nd over - 0 runs, 0 hits, 0 errors, 0 left on base; Springfield 0 - Long Island 0 |
TOP OF THE 3RD |
Springfield Shooters batting - Pitching for Long Island Seawolves : RHP WyDale Curry
|
Batting: RHB Willis Kirkendall
|
0-0: Foul Ball, location: 2F 0-1: Ball 1-1: Fly out, F8 (Flyball, 8RD)
|
Batting: LHB Marshall Willis
|
0-0: Ball 1-0: Foul Ball, location: 2F 1-1: Ball 2-1: Called Strike 2-2: Foul Ball, location: 2F 2-2: Ball 3-2: Fly out, F7 (Flyball, 7S)
|
Batting: RHB Eun-bum Kim
|
0-0: Fly out, F4 (Line Drive, 4M)
|
Top of the 3rd over - 0 runs, 0 hits, 0 errors, 0 left on base; Springfield 0 - Long Island 0 |
BOTTOM OF THE 3RD |
Long Island Seawolves batting - Pitching for Springfield Shooters : RHP Keith Rojas
|
Batting: RHB Abad Lugo
|
0-0: Ball 1-0: Ball 2-0: SINGLE (Groundball, 56) (infield hit)
|
Batting: RHB José Orihvela
|
0-0: Called Strike 0-1: Ball 1-1: Fly out, F8 (Flyball, 89S)
|
Batting: RHB Andrés Aguilar
|
0-0: Called Strike 0-1: Ball 1-1: Called Strike 1-2: Foul Ball, location: 2F 1-2: SINGLE (Groundball, 6D) Abad Lugo to second
|
Batting: SHB Josh Sanders
|
0-0: Ball 1-0: Ball Abad Lugo steals 3rd base 2-0: Ball 3-0: Base on Balls Andrés Aguilar to second
|
Batting: LHB Roberto Valle
|
0-0: Swinging Strike 0-1: Fly out, F4 (Line Drive, 4)
|
Batting: RHB Alfredo Escalante
|
0-0: Swinging Strike 0-1: Ball 1-1: Ball 2-1: Called Strike 2-2: Fly out, F8 (Line Drive, 8LM)
|
Bottom of the 3rd over - 0 runs, 2 hits, 0 errors, 3 left on base; Springfield 0 - Long Island 0 |
TOP OF THE 4TH |
Springfield Shooters batting - Pitching for Long Island Seawolves : RHP WyDale Curry
|
Batting: RHB Chet Hollis
|
0-0: Called Strike 0-1: Ball 1-1: Called Strike 1-2: Ball 2-2: Fly out, F3 (Popup, 3)
|
Batting: LHB Armando Rodríguez
|
0-0: Called Strike 0-1: Ball 1-1: SINGLE (Flyball, 89S)
|
Batting: SHB Willie McGirt
|
0-0: Ground out 4-3 (Groundball, 34) Armando Rodríguez to second
|
Batting: SHB Billy Dotson
|
0-0: Called Strike 0-1: DOUBLE (Line Drive, 7LS) Armando Rodríguez scores
|
Batting: LHB Calvin Wilms
|
0-0: Ball 1-0: Ball 2-0: Called Strike 2-1: Foul Ball, location: 2F 2-2: SINGLE (Groundball, 4D) Billy Dotson to third Runner from 3rd tries for Home, SAFE, no throw
|
Batting: RHB Sébastien Bernard
|
0-0: Foul Ball, location: 2F 0-1: Fielders Choice at 2nd, 6-4 (Groundball, 6)
|
Top of the 4th over - 2 runs, 3 hits, 0 errors, 1 left on base; Springfield 2 - Long Island 0 |
BOTTOM OF THE 4TH |
Long Island Seawolves batting - Pitching for Springfield Shooters : RHP Keith Rojas
|
Batting: LHB Pedro Colón
|
0-0: Ball 1-0: Called Strike 1-1: Foul Ball, location: 2F 1-2: Foul Ball, location: 2F 1-2: Ball 2-2: Ground out 4-3 (Groundball, 4)
|
Batting: SHB Alfredo Sánchez
|
0-0: Called Strike 0-1: Foul Ball, location: 2F 0-2: Fly out, F8 (Line Drive, 8LM)
|
Batting: RHB Sheldon Deshotels
|
0-0: Ball 1-0: Ball 2-0: Ball 3-0: Called Strike 3-1: Base on Balls
|
Batting: RHB Abad Lugo
|
0-0: Ball 1-0: Fielders Choice at 2nd, 5-4 (Groundball, 56)
|
Bottom of the 4th over - 0 runs, 0 hits, 0 errors, 1 left on base; Springfield 2 - Long Island 0 |
TOP OF THE 5TH |
Springfield Shooters batting - Pitching for Long Island Seawolves : RHP WyDale Curry
|
Batting: RHB Willis Kirkendall
|
0-0: Ball 1-0: Called Strike 1-1: Swinging Strike 1-2: SINGLE (Line Drive, 6)
|
Batting: LHB Marshall Willis
|
0-0: Bunt missed! 0-1: Bunt - Flyout! F1
|
Batting: RHB Eun-bum Kim
|
0-0: Ball 1-0: Foul Ball, location: 2F 1-1: Called Strike 1-2: Fielders Choice at 2nd, 5-4 (Groundball, 5)
|
Batting: RHB Chet Hollis
|
0-0: Ball 1-0: Ball 2-0: Called Strike 2-1: Ball 3-1: Swinging Strike 3-2: Ground out 4-3 (Groundball, 34)
|
Top of the 5th over - 0 runs, 1 hit, 0 errors, 1 left on base; Springfield 2 - Long Island 0 |
BOTTOM OF THE 5TH |
Long Island Seawolves batting - Pitching for Springfield Shooters : RHP Keith Rojas
|
Batting: RHB José Orihvela
|
0-0: Ball 1-0: Called Strike 1-1: SINGLE (Groundball, 4MD)
|
Batting: RHB Andrés Aguilar
|
0-0: Ball 1-0: Sac Bunt - play at first, batter OUT! 3-4 José Orihvela to second
|
Batting: SHB Josh Sanders
|
0-0: Called Strike 0-1: Foul Ball, location: 2F 0-2: Foul Ball, location: 2F 0-2: Ball 1-2: Ball 2-2: Ball 3-2: Base on Balls
|
Batting: LHB Roberto Valle
|
0-0: Ball 1-0: Called Strike José Orihvela is caught stealing 3rd base 1-1: Swinging Strike 1-2: Ball 2-2: Ball 3-2: Ground out 4-3 (Groundball, 4)
|
Bottom of the 5th over - 0 runs, 1 hit, 0 errors, 1 left on base; Springfield 2 - Long Island 0 |
TOP OF THE 6TH |
Springfield Shooters batting - Pitching for Long Island Seawolves : RHP WyDale Curry
|
Batting: LHB Armando Rodríguez
|
0-0: SOLO HOME RUN (Flyball, 7D), Distance : 362 ft
|
Batting: SHB Willie McGirt
|
0-0: Called Strike 0-1: Called Strike 0-2: Ball 1-2: Fly out, F9 (Flyball, 9)
|
Batting: SHB Billy Dotson
|
0-0: Ball 1-0: SINGLE (Groundball, 56D)
|
Batting: LHB Calvin Wilms
|
0-0: Called Strike 0-1: Ball 1-1: Ball 2-1: Ball 3-1: Called Strike 3-2: Foul Ball, location: 2F 3-2: Foul Ball, location: 2F 3-2: Base on Balls Billy Dotson to second
|
Batting: RHB Sébastien Bernard
|
0-0: Called Strike 0-1: Swinging Strike 0-2: Grounds into double play, 5-4-3 (Groundball, 5D)
|
Top of the 6th over - 1 run, 2 hits, 0 errors, 1 left on base; Springfield 3 - Long Island 0 |
BOTTOM OF THE 6TH |
Long Island Seawolves batting - Pitching for Springfield Shooters : RHP Keith Rojas
|
Batting: RHB Alfredo Escalante
|
0-0: Ball 1-0: Ground out U3 (Groundball, 34S)
|
Batting: LHB Pedro Colón
|
0-0: Ball 1-0: Ground out 4-3 (Groundball, 4)
|
Batting: SHB Alfredo Sánchez
|
0-0: Swinging Strike 0-1: Foul Ball, location: 2F 0-2: Ground out 4-3 (Groundball, 4)
|
Bottom of the 6th over - 0 runs, 0 hits, 0 errors, 0 left on base; Springfield 3 - Long Island 0 |
TOP OF THE 7TH |
Springfield Shooters batting - Pitching for Long Island Seawolves : RHP WyDale Curry
|
Batting: RHB Willis Kirkendall
|
0-0: Called Strike 0-1: Ball 1-1: Ball 2-1: Ball 3-1: Foul Ball, location: 2F 3-2: Foul Ball, location: 2F 3-2: Foul Ball, location: 2F 3-2: Fly out, F8 (Flyball, 8LXD)
|
Batting: LHB Marshall Willis
|
0-0: Ball 1-0: SINGLE (Line Drive, 8LS)
|
Batting: RHB Eun-bum Kim
|
0-0: Ball 1-0: Ball 2-0: Called Strike 2-1: Ball 3-1: Grounds into double play, 4-6-3 (Groundball, 4MD)
|
Top of the 7th over - 0 runs, 1 hit, 0 errors, 0 left on base; Springfield 3 - Long Island 0 |
BOTTOM OF THE 7TH |
Long Island Seawolves batting - Pitching for Springfield Shooters : RHP Keith Rojas
|
Batting: RHB Sheldon Deshotels
|
0-0: Ball 1-0: Called Strike 1-1: DOUBLE (Line Drive, 8RD)
|
Batting: RHB Abad Lugo
|
0-0: Foul Ball, location: 2F 0-1: Foul Ball, location: 2F 0-2: Ball 1-2: Ball 2-2: Ball 3-2: Fly out, F5 (Popup, 15)
|
Pitching: LHP Gabriel Valenzuela
|
|
Batting: RHB José Orihvela
|
0-0: Ball 1-0: Fly out, F8 (Line Drive, 8RD) Runner from 2nd tags up, SAFE at 3rd with throw
|
Batting: RHB Andrés Aguilar
|
0-0: Ball 1-0: 2-RUN HOME RUN (Flyball, 78XD), Distance : 367 ft
|
Batting: SHB Josh Sanders
|
0-0: Ball 1-0: Ball 2-0: Ball 3-0: Called Strike 3-1: Foul Ball, location: 2F 3-2: Foul Ball, location: 2F 3-2: Fly out, F3 (Flyball, 3D)
|
Bottom of the 7th over - 2 runs, 2 hits, 0 errors, 0 left on base; Springfield 3 - Long Island 2 |
TOP OF THE 8TH |
Springfield Shooters batting - Pitching for Long Island Seawolves : RHP WyDale Curry
|
Batting: RHB Chet Hollis
|
0-0: Called Strike 0-1: Foul Ball, location: 2F 0-2: Foul Ball, location: 2F 0-2: Ball 1-2: SINGLE (Line Drive, 89S)
|
Batting: LHB Armando Rodríguez
|
0-0: Called Strike 0-1: Ball 1-1: Ball 2-1: Grounds into double play, 4-6-3 (Groundball, 4)
|
Batting: SHB Willie McGirt
|
0-0: Called Strike 0-1: Fly out, F9 (Flyball, 9D)
|
Top of the 8th over - 0 runs, 1 hit, 0 errors, 0 left on base; Springfield 3 - Long Island 2 |
BOTTOM OF THE 8TH |
Long Island Seawolves batting - Pitching for Springfield Shooters : LHP Gabriel Valenzuela
|
Batting: LHB Roberto Valle
|
0-0: Ball 1-0: Ball 2-0: Ball 3-0: Called Strike 3-1: Base on Balls
|
Pinch Runner at 1st José Olvera:
|
|
Batting: RHB Alfredo Escalante
|
0-0: Called Strike 0-1: Ball 1-1: Swinging Strike 1-2: Ball Wild Pitch! José Olvera to second 2-2: Ball 3-2: Foul Ball, location: 2F 3-2: Strikes out swinging
|
Batting: LHB Pedro Colón
|
0-0: Swinging Strike 0-1: Called Strike 0-2: Strikes out swinging
|
Batting: SHB Alfredo Sánchez
|
0-0: Called Strike 0-1: Swinging Strike 0-2: Strikes out swinging
|
Bottom of the 8th over - 0 runs, 0 hits, 0 errors, 1 left on base; Springfield 3 - Long Island 2 |
TOP OF THE 9TH |
Springfield Shooters batting - Pitching for Long Island Seawolves : RHP WyDale Curry
|
Pitching: RHP Vinny Mariani
|
|
Now at 2B: José Olvera
|
|
Batting: SHB Billy Dotson
|
0-0: Swinging Strike 0-1: Ball 1-1: Called Strike 1-2: Ball 2-2: Strikes out looking
|
Batting: LHB Calvin Wilms
|
0-0: Ball 1-0: Ground out 3-1 (Groundball, 34)
|
Batting: RHB Sébastien Bernard
|
0-0: Called Strike 0-1: Called Strike 0-2: Strikes out swinging
|
Top of the 9th over - 0 runs, 0 hits, 0 errors, 0 left on base; Springfield 3 - Long Island 2 |
BOTTOM OF THE 9TH |
Long Island Seawolves batting - Pitching for Springfield Shooters : LHP Gabriel Valenzuela
|
Now at SS: Francisco Gonzáles
|
|
Now in RF: Stephen Chávez
|
|
Batting: RHB Sheldon Deshotels
|
0-0: Ball 1-0: Ball 2-0: Ball 3-0: Called Strike 3-1: Swinging Strike 3-2: SINGLE (Line Drive, 6MD)
|
Batting: RHB Abad Lugo
|
0-0: Ball 1-0: Bunted foul 1-1: Sac Bunt - play at first, batter OUT! 1-4 Sheldon Deshotels to second
|
Pinch Hitting: RHB Mark Shoffner
|
0-0: Ball 1-0: Called Strike 1-1: Swinging Strike 1-2: Foul Ball, location: 2F 1-2: Ball 2-2: Ball 3-2: Strikes out swinging
|
Batting: RHB Andrés Aguilar
|
0-0: Called Strike 0-1: Ball 1-1: Swinging Strike 1-2: Ball 2-2: Ball 3-2: Foul Ball, location: 2F 3-2: Base on Balls
|
Pinch Hitting: RHB Max Berman
|
0-0: Swinging Strike 0-1: Swinging Strike 0-2: Ball 1-2: Ball 2-2: Fly out, F9 (Flyball, 89D)
|
Bottom of the 9th over - 0 runs, 1 hit, 0 errors, 2 left on base; Springfield 3 - Long Island 2 |
|